 Dungeon Crawl Stone Soup version 0.20-a0-309-gcba9277 (webtiles) character file.

300 Amnesiac the Vexing (level 6, -1/32 HPs)
             Began as a Deep Elf Enchanter on Dec 19, 2016.
             Was an Initiate of Gozag.
             Slain by Cyber's ghost (6 damage)
             ... on level 4 of the Dungeon.
             The game lasted 00:10:59 (4186 turns).

Amnesiac the Vexing (Deep Elf Enchanter)            Turns: 4186, Time: 00:11:00

Health: -1/32      AC:  4    Str:  7 (8)  XL:     6   Next: 13%
Magic:  1/13       EV: 13    Int: 18 (20) God:    Gozag
Gold:   491        SH:  0    Dex: 15 (17) Spells: 0/12 levels left

rFire  . . .     SeeInvis .     a - +1 dagger
rCold  . . .     Gourm    .     b - +1 robe
rNeg   . . .     Faith    .     (no shield)
rPois  .         Spirit   .     (no helmet)
rElec  .         Reflect  .     (no cloak)
rCorr  .         Harm     .     (no gloves)
MR     +....                    l - +0 pair of boots
Stlth  +++.......               (no amulet)
                                o - ring of protection from magic
                                k - +3 ring of strength

@: no status effects
A: no striking features
a: Potion Petition, Call Merchant, Bribe Branch, Renounce Religion


You were on level 4 of the Dungeon.
You worshipped Gozag.
Gozag was aware of your devotion.
You were not hungry.

You visited 1 branch of the dungeon, and saw 4 of its levels.

You collected 512 gold pieces.
You paid 21 gold pieces to Gozag.

Inventory:

Hand Weapons
 a - a +1 dagger (weapon)
Armour
 b - a +1 robe (worn)
 l - a +0 pair of boots (worn)
 r - a +0 buckler
Jewellery
 k - a +3 ring of strength (left hand)
 o - a ring of protection from magic (right hand)
Scrolls
 f - a scroll of noise {unknown}
 g - 4 scrolls of remove curse {unknown}
 i - 2 scrolls of enchant weapon {unknown}
 j - a scroll of amnesia {unknown}
 m - 2 scrolls of teleportation {unknown}
 n - a scroll of recharging {unknown}
 t - a scroll of immolation {unknown}
 y - a scroll of identify {unknown}
Potions
 e - a potion of ambrosia
 h - a potion of invisibility {unknown}
 p - a potion of cancellation {unknown}
 q - a potion of degeneration
 s - a potion of berserk rage {unknown}
 u - a potion of curing {unknown}
 w - a potion of might {unknown}
Books
 c - a book of Maledictions

   Spells                             Type                      Level
   a - Corona                         Hexes                        1
   b - Ensorcelled Hibernation        Hexes/Ice                    2
   c - Confuse                        Hexes                        3
   d - Tukima's Dance                 Hexes                        3
   e - Dazzling Spray                 Conjuration/Hexes            3
 x - a book of Minor Magic

   Spells                             Type                      Level
   a - Magic Dart                     Conjuration                  1
   b - Blink                          Translocation                2
   c - Call Imp                       Summoning                    2
   d - Repel Missiles                 Charms/Air                   2
   e - Slow                           Hexes                        2
   f - Conjure Flame                  Conjuration/Fire             3
   g - Mephitic Cloud                 Conjuration/Poison/Air       3
Comestibles
 d - 3 bread rations
 v - a meat ration


   Skills:
 - Level 5.0 Short Blades
 - Level 2.4 Dodging
 + Level 4.8 Stealth
 - Level 3.5 Spellcasting
 - Level 5.0 Hexes


You couldn't memorise any spells.
You knew the following spells:

 Your Spells              Type           Power        Failure   Level  Hunger
a - Corona                Hex            ###....      1%          1    None
b - Tukima's Dance        Hex            ###.....     10%         3    ###....
e - Confuse               Hex            ###.....     10%         3    ###....
f - Dazzling Spray        Conj/Hex       ##....       21%         3    ###....
z - Ensorcelled Hibernat  Hex/Ice        ##....       12%         2    ##.....


Dungeon Overview and Level Annotations

Branches:
Dungeon (4/15)
 Temple: D:4-7

Altars:
Dithmenos
Elyvilon
Gozag
Nemelex Xobeh
Vehumet
Yredelemnul

Annotations:
D:4 Cyber's ghost, amateur MiFi; Robin


Message History

The leopard gecko is distracted by the nearby gold.
The hobgoblin is distracted by the nearby gold.
The leopard gecko hisses angrily.
Casting: Confuse
Confirm with . or Enter, or press ? or * to list all spells.
Aiming: Confuse
Press: ? - help, Shift-Dir - straight line, f/p - Cyber's ghost
Aim: Cyber's ghost (chance to defeat MR: 33%) Cyber's ghost appears confused.
The hobgoblin shouts!
The hobgoblin is no longer distracted by gold.
The goblin no longer looks unusually strong.
Cyber's ghost misses you.
You catch the helpless Cyber's ghost completely off-guard!
You puncture Cyber's ghost!
Cyber's ghost is moderately damaged.
The hobgoblin no longer looks unusually strong.
Cyber's ghost hits you.
You die...
Your body crumbles into a pile of gold.

.........g......#
.......#.#####.##
.......#g##....#
.#######g##.####
#g##.# #g##.#
#g##.# #l##.#
#@##.#
#.######W##.#
............#
##.#####.#####
.............#
.............#
.............# $
.............#
#...#
.............#
#...#


You could see Cyber's ghost (confused), a leopard gecko, 2 hobgoblins and 3
goblins.

Vanquished Creatures
  An orc priest (D:3)
  A centaur skeleton (D:3)
  Jessica (D:3)
  3 orc wizards (D:3)
  4 gnolls (D:3)
  2 adders
  An ooze (D:1)
  A worm (D:3)
  3 dart slugs
  3 leopard geckos
  5 orcs
  6 bats
  A giant cockroach (D:3)
  13 goblins
  10 hobgoblins
  3 jackals (D:3)
  A frilled lizard (D:3)
  5 kobolds
  7 rats
  A toadstool (D:1)
72 creatures vanquished.

Vanquished Creatures (others)
  3 toadstools (D:1)
3 creatures vanquished.

Grand Total: 75 creatures vanquished

Notes
Turn   | Place    | Note
-------+----------+-------------------------------------------
     0 | D:1      | Amnesiac the Deep Elf Enchanter began the quest for the Orb.
     0 | D:1      | Reached XP level 1. HP: 10/10 MP: 6/6
   251 | D:2      | Found an opulent altar of Gozag.
   251 | D:2      | Found a shadowy altar of Dithmenos.
   252 | D:2      | Found a white marble altar of Elyvilon.
   252 | D:2      | Found a basalt altar of Yredelemnul.
   253 | D:2      | Found a radiant altar of Vehumet.
   321 | D:2      | Reached XP level 2. HP: 14/15 MP: 8/8
   363 | D:2      | Learned a level 2 spell: Ensorcelled Hibernation
   666 | D:2      | Became a worshipper of Gozag Ym Sagoz the Greedy
   892 | D:1      | Reached XP level 3. HP: 16/19 MP: 8/10
  1223 | D:1      | Reached skill level 5 in Hexes
  1776 | D:2      | Learned a level 3 spell: Confuse
  1803 | D:3      | Found a sparkling altar of Nemelex Xobeh.
  2072 | D:3      | Reached XP level 4. HP: 11/24 MP: 6/11
  2243 | D:3      | Noticed Jessica
  2378 | D:3      | Killed Jessica
  2601 | D:4      | Noticed Cyber's ghost (amateur MiFi)
  3049 | D:3      | Reached XP level 5. HP: 28/28 MP: 1/12
  3199 | D:3      | Learned a level 3 spell: Tukima's Dance
  3460 | D:3      | Reached skill level 5 in Short Blades
  3580 | D:3      | Reached XP level 6. HP: 32/32 MP: 7/13
  3758 | D:4      | Learned a level 3 spell: Dazzling Spray
  4165 | D:4      | Noticed Robin
  4186 | D:4      | Slain by Cyber's ghost

Vault maps used:
D:1:      ldierk_water_garden, solitary_fountain, minmay_misc_feat_five
D:2:      grunt_temple_overflow_open, first_bread, st_stairs_8,
          guppyfry_early_lair_pool
D:3:      minmay_misc_feat_iff, nemelex_xobeh_ov_fountains_minmay, uniq_jessica
D:4:      uniq_robin

Skill      XL: |  1  2  3  4  5 |
---------------+----------------+-----
Hexes          | 5 |  5.0
Stealth        | 4 |  4.8
Short Blades   | 2 3 5 |  5.0
Dodging        | |  2.4
Spellcasting   | |  3.5

Action                   |  1- 3 |  4- 6 || total
-------------------------+-------+-------++-------
Melee: Dagger            |   118 |   165 ||   283
 Cast: Corona            |     8 |       ||     8
       Ensorcelled Hiber |    15 |    14 ||    29
       Confuse           |     6 |    41 ||    47
       Dazzling Spray    |       |     1 ||     1
  Use: Potion            |       |     2 ||     2
 Stab: Sleeping          |    16 |     8 ||    24
       Distracted        |     1 |       ||     1
       Confused          |     2 |    14 ||    16
  Eat: Bread ration      |     1 |     1 ||     2
       Meat ration       |       |     1 ||     1
       Pizza             |       |     1 ||     1
Armor: Robe              |    21 |    21 ||    42
Dodge: Dodged            |    71 |    78 ||   149
